 Dungeon Crawl Stone Soup version 0.29.1-4-g47bece8355 (webtiles) character file.

Game seed: 3243737962956457154

197374 whiskeysaurus the Scorcher (level 17, -3/131 HPs)
             Began as a Red Draconian Conjurer on Dec 8, 2022.
             Was the Champion of Hepliaklqana.
             Hit by a silver javelin thrown by a merfolk javelineer (18 damage)
             ... on level 4 of the Shoals on Dec 9, 2022.
             The game lasted 03:52:23 (59183 turns).

whiskeysaurus the Scorcher (DrCj)                  Turns: 59183, Time: 03:52:53

Health: -3/131     AC: 25    Str: 10    XL:     17   Next: 77%
Magic:  3/32       EV: 16    Int: 26    God:    Hepliaklqana [******]
Gold:   2284       SH:  0    Dex: 12    Spells: 18/39 levels left

rFire   + + .      SeeInvis +   U - +8 demon whip (flame)
rCold   + . .      Faith    .   (no shield)
rNeg    . . .      Spirit   .   (body armour unavailable)
rPois   +          Reflect  .   s - +3 crown of Dyrovepreva {rElec Int+2 SInv}
rElec   +          Harm     .   K - +2 cloak
rCorr   .          Rampage  .   C - +1 pair of gloves of the Hairy God {rF+ Will+ Stlth-}
Will    ++...                   u - +3 pair of mountain boots {steadfast, rC+}
Stlth   ++........              B - amulet of the acrobat
HPRegen 0.31/turn               j - ring of poison resistance
MPRegen 0.23/turn               E - +4 ring of protection

@: mesmerised, studying Maces & Flails
A: reduced essence, breathe fire, AC +9, unfitting armour, fire resistance 1,
cold-blooded
}: 1/15 runes: serpentine
a: Breathe Fire, Renounce Religion, Recall Ancestor, Ancestor Identity,
Transference, Idealise


You were on level 4 of the Shoals.
You worshipped Hepliaklqana.
Hepliaklqana was exalted by your worship.
You visited 6 branches of the dungeon, and saw 29 of its levels.
You also visited: Bailey.

You collected 3443 gold pieces.
You spent 1159 gold pieces at shops.

Inventory:

Hand Weapons
 y - a +3 dire flail
 U - a +8 demon whip of flaming (weapon)
Armour
 o - a +2 kite shield of protection
 s - the +3 crown of Dyrovepreva (worn) {rElec Int+2 SInv}
   (You acquired it on level 2 of the Snake Pit)

   Int:       It affects your intelligence (+2).
   rElec:     It insulates you from electricity.
   SInv:      It lets you see invisible.
 u - the +3 pair of mountain boots (worn) {steadfast, rC+}
   (You bought it in a shop on level 7 of the Dungeon)

   It prevents involuntary movement, except for blinking, teleportation, or
   banishment.
   rC:        It protects you from cold.
 z - a +1 pair of gloves
 C - the +1 pair of gloves of the Hairy God (worn) {rF+ Will+ Stlth-}
   (You found it on level 4 of the Lair of Beasts)

   rF:        It protects you from fire.
   Will:      It increases your willpower.
   Stlth:     It makes you less stealthy.
 K - a +2 cloak (worn)
Jewellery
 j - a ring of poison resistance (left hand)
 B - an amulet of the acrobat (around neck)
 E - a +4 ring of protection (right hand)
 L - a ring of positive energy
 Q - a ring of magical power
 T - a +4 ring of evasion
Wands
 c - a wand of polymorph (9)
 q - a wand of flame (10)
 F - a wand of iceblast (34)
 H - a wand of light (7)
 O - a wand of charming (18)
Scrolls
 d - 2 scrolls of enchant armour
 f - 6 scrolls of amnesia
 h - 2 scrolls of torment
 i - a scroll of blinking
 p - 6 scrolls of identify
 t - a scroll of butterflies
 w - a scroll of enchant weapon
 A - 6 scrolls of teleportation
 G - 2 scrolls of poison
 M - a scroll of summoning
Potions
 a - 4 potions of lignification
 b - 5 potions of berserk rage
 e - 3 potions of haste
 g - 7 potions of resistance
 k - 8 potions of flight
 l - 7 potions of attraction
 m - 4 potions of brilliance
 n - 3 potions of ambrosia
 r - 7 potions of might
 v - 11 potions of curing
 D - a potion of cancellation
 J - 3 potions of heal wounds
 R - a potion of invisibility
Miscellaneous
 x - a phantom mirror


   Skills:
 + Level 11.8 Fighting
 + Level 9.7 Maces & Flails
 + Level 11.6 Dodging
 - Level 5.0 Stealth
 + Level 11.6 Spellcasting
 + Level 14.5 Conjurations
 - Level 5.8 Hexes
 + Level 3.9 Summonings
 - Level 7.0 Translocations
 + Level 16.8 Fire Magic
 + Level 9.2 Invocations
 + Level 8.3 Evocations


You had 18 spell levels left.
You knew the following spells:

 Your Spells              Type           Power      Damage    Failure   Level
a - Magic Dart            Conj           100%       1d8       0%          1
b - Searing Ray           Conj           100%       2d8       0%          2
c - Fulminant Prism       Conj/Hex       31%        3d16      1%          4
d - Fireball              Conj/Fire      38%        3d16      1%          5
e - Iskenderun's Mystic   Conj/Tloc      63%        2d13      1%          4
f - Iskenderun's Battles  Conj           74%        2d12      1%          5

Your spell library contained the following spells:

 Spells                   Type           Power      Damage    Failure   Level
 Foxfire                  Conj/Fire      100%       2x1d9     0%          1
 Scorch                   Fire           100%       2d10      0%          2
 Slow                     Hex            100%       N/A       1%          1
 Ensorcelled Hibernation  Hex/Ice        60%        N/A       1%          2
 Confusing Touch          Hex            45%        N/A       1%          3
 Dazzling Flash           Conj/Hex       100%       N/A       1%          3
 Ignite Poison            Fire/Tmut/Pois 44%        N/A       1%          3
 Mephitic Cloud           Conj/Pois/Air  40%        N/A       1%          3
 Portal Projectile        Hex/Tloc       96%        N/A       1%          3
 Tukima's Dance           Hex            45%        N/A       1%          3
 Call Canine Familiar     Summ           35%        N/A       2%          3
 Passage of Golubria      Tloc           51%        N/A       2%          4
 Spider Form              Tmut/Pois      15%        N/A       12%         3
 Vampiric Draining        Necr           15%        2d7       12%         3
 Anguish                  Hex/Necr       15%        N/A       12%         4
 Leda's Liquefaction      Hex/Erth       15%        N/A       12%         4
 Freezing Cloud           Conj/Ice/Air   20%        6-21      14%         5
 Iron Shot                Conj/Erth      26%        9d6       30%         6
 Silence                  Hex/Air        15%        N/A       32%         5
 Yara's Violent Unravell  Hex/Tmut       15%        3d8       32%         5
 Corpse Rot               Necr/Pois/Air  15%        N/A       36%         4
 Spellforged Servitor     Conj/Summ      29%        N/A       58%         7
 Agony                    Necr           15%        N/A       73%         5
 Lee's Rapid Deconstruct  Erth           7%         3d8*      73%         5
 Statue Form              Tmut/Erth      10%        N/A       99%         6
 Lehudib's Crystal Spear  Conj/Erth      26%        10d7      100%        8


Dungeon Overview and Level Annotations

Branches:
Dungeon (13/15)            Temple (1/1) D:5            Lair (5/5) D:11
 Shoals (4/4) Lair:3        Snake (4/4) Lair:3        Slime (0/5) Lair:4
    Orc (2/2) D:11            Elf (0/3) Orc:2        Bailey (visited)
 Vaults: D:13-14

Altars:
Ashenzari
Cheibriados
Dithmenos
Elyvilon
Fedhas
Gozag
Hepliaklqana
Kikubaaqudgha
Makhleb
Nemelex Xobeh
Okawaru
Qazlal
Ru
Sif Muna
Trog
Uskayaw
Vehumet
Wu Jian
Xom
Yredelemnul
Zin
The Shining One
Jiyva

Shops:
D:1 (   D:3 :   D:7 [   D:9 (   Orc:1 *   Orc:2 ([!(   Snake:1 *[=[*
Snake:4 :=:

Portals:
Trove: D:12 (give 11 potions of heal wounds)

Annotations:
D:7 exclusion: downstairs
D:13 4 runed translucent doors, Ebel's ghost, journeyman MiBe


Innate Abilities, Weirdness & Mutations

Your life essence is reduced to manifest your ancestor. (-10% HP)
You can breathe blasts of fire.
Your fiery red scales are hard. (AC +9)
You cannot fit into any form of body armour.
Your flesh is heat resistant. (rF+)
You are cold-blooded and may be slowed by cold attacks.


Message History

The merfolk javelineer throws a silver javelin.
The silver javelin pierces through you. The wind drake flaps its wings at you.
The air twists around and strikes you!
Blink to where?
Press: ? - help, Dir - move target
As you read the scroll of blinking, it crumbles to dust.
* * * LOW HITPOINT WARNING * * *
You feel extremely sick.
The merfolk javelineer throws a silver javelin.
The silver javelin pierces through you but does no damage.
* * * LOW HITPOINT WARNING * * *
The merfolk avatar chants a haunting song.
You are mesmerised by the merfolk avatar!
The merfolk impaler hits you with a +0 trident!
* * * LOW HITPOINT WARNING * * *
You cannot move away from the merfolk avatar!
Amala is recalled.
* * * LOW HITPOINT WARNING * * *
You feel extremely sick.
Your boots keep you from being lured by song.
The merfolk impaler completely misses you.
The merfolk javelineer throws a silver javelin.
The silver javelin pierces through you but does no damage.
* * * LOW HITPOINT WARNING * * *
The merfolk avatar chants its luring song.
You feel better.
Your boots keep you from being lured by song.
The harpy misses you. The harpy barely misses you.
The harpy claws you but does no damage. The harpy claws you!
* * * LOW HITPOINT WARNING * * *
The merfolk impaler completely misses you.
Amala completely misses the merfolk impaler.
The wind drake flaps its wings at you. The air twists around and strikes you.
* * * LOW HITPOINT WARNING * * *
An alligator snapping turtle comes into view.
The merfolk javelineer throws a silver javelin.
The silver javelin pierces through you!!
You die...

~~~~# #~ ~~~~~~...~#~
#~~
~~~........######~~.
~~..........~~~~~~..
............~~~~~~..
.........!$.~~m~~~..
.......R....~~~~~~..
.......m....ยง~~~~~~~
#...H@....~~~~~~~~
#........~$m~~~[~~
#.~~(...k~~~~~~~~~
#..~######t~~~~~~~
..m~# ~#~~~~~~~ ~~~~#
# #~~~~~~ ~~~~ #~~~~~
~~~


You could see the friendly Amala the knight, an alligator snapping turtle, a
merfolk avatar (mesmerising), a merfolk impaler, a merfolk javelineer, a wind
drake (repels missiles), a merfolk and a harpy.

Vanquished Creatures
  A kraken (Shoals:1)
  Polyphemus (Shoals:3)
  Agnes (Snake:1)
  2 nagarajas (Snake:4)
  4 merfolk impalers
  A fire dragon (Lair:5)
  A salamander tyrant (Snake:4)
  2 hydras
  2 merfolk avatars
  2 catoblepae
  A boulder beetle (D:13)
  7 naga warriors
  2 merfolk aquamancers
  5 two-headed ogres
  6 anacondas
  2 satyrs
  11 death yaks
  7 shock serpents
  7 naga sharpshooters
  Sonja (D:13)
  2 salamander mystics (Snake:4)
  8 sea snakes
  3 naga ritualists
  A swamp dragon (Lair:5)
  2 orc knights
  8 harpies
  A wolf spider (Lair:5)
  3 orc sorcerers
  4 manticores
  7 mana vipers
  5 cyclopes
  8 fauns
  6 salamanders
  14 elephants
  10 naga magi
  2 water nymphs
  A merfolk siren (Shoals:2)
  4 guardian serpents
  30 black mambas
  12 cane toads
  2 kobold demonologists
  An efreet (D:13)
  5 komodo dragons
  5 merfolk
  4 wind drakes
  3 trolls
  A polar bear (Lair:5)
  Grinder (D:6)
  3 hornets (Lair:5)
  2 slime creatures (Lair:2)
  6 blink frogs
  3 snapping turtles
  21 dream sheep
  Sigmund (D:5)
  A shadow (D:12)
  2 vampires
  5 wyverns (Lair:5)
  51 yaks
  Eustachio (D:5)
  2 wraiths
  4 basilisks
  7 water elementals
  5 vampire mosquitoes (D:12)
  4 steam dragons
  A redback (Lair:5)
  2 acid dragons
  35 nagas
  12 water moccasins
  24 orc warriors
  2 black bears (D:5)
  A sky beast (D:4)
  8 ogres
  4 wolves (Lair:3)
  4 centaurs
  4 phantoms
  6 kobold brigands
  4 bullfrogs
  A gnoll sergeant (D:11)
  2 necrophages
  5 scorpions
  6 wights
  6 electric eels
  2 lava snakes (Lair:4)
  4 quasits (D:11)
  Crazy Yiuf (D:4)
  4 hounds
  6 jellies
  16 orc priests
  A gnoll bouda (D:6)
  4 iguanas
  14 orc wizards
  17 gnolls
  8 adders
  4 white imps
  3 ufetubi
  A dart slug (D:5)
  74 orcs
  6 ball pythons
  5 endoplasms
  2 giant cockroaches
  14 goblins
  9 hobgoblins
  4 jackals (D:1)
  16 kobolds
  3 bats
  8 frilled lizards
  3 rats (D:1)
  A butterfly (Lair:1)
  2 fulminant prisms
  2 tentacles (Shoals:1)
698 creatures vanquished.

Vanquished Creatures (collateral kills)
  Roxanne (Snake:1)
  A nagaraja (Snake:4)
  Ilsuiw (Shoals:3)
  An orc warlord (Orc:2)
  An ettin (Orc:2)
  Josephine (Snake:1)
  The ghost of Ebel the Cleaver, a journeyman MiBe of Trog (Lair:2)
  The ghost of DandyGuy the Severer, a journeyman MiBe of Trog (D:11)
  3 boulder beetles
  A hydra (Lair:2)
  2 salamander tyrants (Snake:4)
  An alligator snapping turtle (Shoals:3)
  3 anacondas
  A merfolk avatar (Shoals:1)
  6 naga warriors
  5 death yaks
  An orc high priest (Orc:2)
  6 naga sharpshooters
  A shock serpent (Snake:4)
  3 salamander mystics (Snake:4)
  A sea snake (Shoals:1)
  6 naga ritualists
  A harpy (Shoals:2)
  A faun (Shoals:3)
  7 mana vipers
  A slime creature (Lair:2)
  An ugly thing (D:12)
  2 cyclopes
  A manticore (Shoals:3)
  6 salamanders
  12 black mambas
  14 elephants
  A guardian serpent (Lair:5)
  6 naga magi
  A torpor snail (Lair:5)
  4 cane toads
  An unseen horror (D:11)
  Psyche (D:11)
  3 rime drakes (Lair:5)
  A komodo dragon (Lair:1)
  4 trolls
  7 merfolk
  5 snapping turtles
  5 blink frogs
  7 dream sheep
  4 wraiths
  3 wyverns
  3 water elementals
  29 yaks
  A basilisk (Lair:2)
  A neqoxec (D:11)
  2 vampire mosquitoes (D:12)
  A redback (Lair:5)
  5 wargs
  15 nagas
  12 water moccasins
  11 orc warriors
  A swamp drake (Lair:5)
  An ice beast (D:7)
  2 ogres (Orc:2)
  A wolf (Lair:3)
  A kobold brigand (D:9)
  4 bullfrogs
  A killer bee (D:9)
  A howler monkey (D:11)
  An electric eel (Bailey)
  2 lava snakes (Lair:4)
  4 orc priests
  3 iguanas (Lair:5)
  2 orc wizards (Orc:2)
  3 gnolls
  29 orcs
  2 goblins (D:7)
  4 kobolds
  2 butterflies (Lair:1)
291 creatures vanquished.

Vanquished Creatures (others)
  A harpy (Shoals:4)
  A naga (Snake:4)
  31 knights
  5 ancestors (Bailey)
  2 bushes (Lair:5)
  200 fulminant prisms
  61 fungi
  140 plants
  4 tentacles (Shoals:1)
445 creatures vanquished.

Grand Total: 1434 creatures vanquished

Notes
Turn   | Place    | Note
-------+----------+-------------------------------------------
     0 | D:1      | whiskeysaurus the Draconian Conjurer began the quest for
                  | the Orb.
     0 | D:1      | Reached XP level 1. HP: 14/14 MP: 3/3
   203 | D:1      | Reached XP level 2. HP: 20/20 MP: 1/5
   289 | D:1      | Found Reim's Antique Weapon Emporium.
   884 | D:2      | Reached XP level 3. HP: 26/26 MP: 2/6
  1013 | D:2      | Learned a level 2 spell: Searing Ray
  1269 | D:2      | Found a faded altar of an unknown god.
  1678 | D:3      | Found Dooj's Book Shoppe.
  1804 | D:3      | Reached XP level 4. HP: 33/33 MP: 2/7
  2399 | D:4      | Found an iron altar of Okawaru.
  2682 | D:4      | Noticed a phantom
  2740 | D:4      | Killed a phantom
  2741 | D:4      | Reached skill level 5 in Conjurations
  2741 | D:4      | Reached skill level 1 in Hexes
  2741 | D:4      | Reached XP level 5. HP: 10/38 MP: 6/9
  3109 | D:4      | Noticed a phantom
  3116 | D:4      | Found a burning altar of Makhleb.
  3131 | D:4      | Killed a phantom
  3132 | D:4      | Reached XP level 6. HP: 30/45 MP: 0/10
  3268 | D:4      | Found a broken altar of Ashenzari.
  3370 | D:4      | Noticed a sky beast
  3476 | D:4      | Killed a sky beast
  3926 | D:4      | Found a runed translucent door.
  3927 | D:4      | Noticed Crazy Yiuf
  4270 | D:4      | Killed Crazy Yiuf
  4455 | D:5      | Entered Level 5 of the Dungeon
  4455 | D:5      | Noticed Eustachio
  4544 | D:5      | Killed Eustachio
  4545 | D:5      | Your scales start taking on a fiery red colour.
  4545 | D:5      | Reached XP level 7. HP: 38/50 MP: 0/12
  4545 | D:5      | Gained mutation: Your flesh is heat resistant. (rF+) [Red
                  | Draconian growth]
  4984 | D:5      | Reached skill level 1 in Fire Magic
  5084 | D:5      | Reached skill level 2 in Fire Magic
  5278 | D:5      | Reached XP level 8. HP: 54/57 MP: 5/13
  5389 | D:5      | Reached skill level 3 in Fire Magic
  5562 | D:5      | Found a staircase to the Ecumenical Temple.
  5568 | Temple   | Entered the Ecumenical Temple
  5868 | Temple   | Became a worshipper of Hepliaklqana the Forgotten
  5950 | D:5      | Noticed Sigmund
  5961 | D:5      | Killed Sigmund
  6201 | D:5      | Reached skill level 4 in Fire Magic
  6883 | D:6      | Reached XP level 9. HP: 57/62 MP: 9/15
  7061 | D:6      | Found a shadowy altar of Dithmenos.
  7119 | D:6      | Noticed Grinder
  7123 | D:6      | Paralysed by Grinder for 5 turns
  7131 | D:6      | Killed Grinder
  7132 | D:6      | Reached skill level 5 in Fire Magic
  7521 | D:6      | Reached * piety under Hepliaklqana
  7644 | D:7      | Reached skill level 5 in Stealth
  7686 | D:7      | Found a sacrificial altar of Ru.
  7726 | D:7      | Found a radiant altar of Vehumet.
  7843 | D:7      | Found Jeilatr Kioh's Antique Armour Shop.
  7913 | D:7      | Reached skill level 6 in Fire Magic
  7931 | D:7      | Noticed a cyclops
  7938 | D:7      | Killed a cyclops
  7939 | D:7      | Reached skill level 5 in Dodging
  7939 | D:7      | Reached skill level 5 in Spellcasting
  7990 | D:7      | Found a flagged portal.
  8012 | Bailey   | Entered a bailey
  8135 | Bailey   | Learned a level 4 spell: Fulminant Prism
  8392 | Bailey   | Noticed a kobold demonologist
  8458 | Bailey   | Killed a kobold demonologist
  8628 | Bailey   | Found an iron altar of Okawaru.
  8628 | Bailey   | Noticed an orc sorcerer
  8632 | Bailey   | Killed an orc sorcerer
  8633 | Bailey   | Reached skill level 5 in Hexes
  8633 | Bailey   | Reached XP level 10. HP: 62/62 MP: 9/18
  8839 | Bailey   | Noticed an orc knight
  9666 | Bailey   | Killed an orc knight
 10358 | D:8      | Acquired the Catalogue of the Mortuary Coals
 10378 | D:8      | Learned a level 5 spell: Fireball
 10666 | D:8      | Reached ** piety under Hepliaklqana
 10667 | D:8      | Remembered your ancestor Amala as a knight
 10684 | D:8      | Reached skill level 1 in Fighting
 10685 | D:8      | Reached skill level 7 in Fire Magic
 11518 | D:9      | Reached skill level 10 in Conjurations
 11787 | D:9      | Reached skill level 8 in Fire Magic
 11787 | D:9      | Reached XP level 11. HP: 57/72 MP: 9/20
 12560 | D:9      | Noticed a two-headed ogre
 12915 | D:9      | Found Fuireah's Antique Weapon Emporium.
 13536 | D:10     | Entered Level 10 of the Dungeon
 13971 | D:10     | Noticed a two-headed ogre
 13980 | D:10     | Killed a two-headed ogre
 13981 | D:10     | Reached skill level 9 in Fire Magic
 15187 | D:10     | Reached *** piety under Hepliaklqana
 15572 | D:11     | Noticed Psyche
 15583 | D:11     | Killed Psyche
 15744 | D:11     | Noticed a boulder beetle
 16094 | D:11     | Noticed a two-headed ogre
 16099 | D:11     | Killed a two-headed ogre
 16204 | D:11     | Noticed DandyGuy's ghost (journeyman MiBe)
 17024 | D:11     | Found a transporter.
 17027 | D:11     | Reached skill level 10 in Fire Magic
 18274 | D:11     | Killed a boulder beetle
 18606 | D:11     | Found a transporter.
 18660 | D:11     | Found a staircase to the Orcish Mines.
 18984 | D:11     | Found a staircase to the Lair.
 19112 | D:11     | Learned a level 4 spell: Iskenderun's Mystic Blast
 19152 | D:12     | Found an opulent altar of Gozag.
 19177 | D:12     | Noticed a green ugly thing
 19182 | D:12     | Killed a green ugly thing
 19288 | D:12     | Reached skill level 5 in Fighting
 19300 | D:12     | Reached skill level 1 in Translocations
 19300 | D:12     | Reached XP level 12. HP: 79/84 MP: 5/23
 19421 | D:12     | Found a portal to a secret trove of treasure.
 19466 | D:12     | Noticed a two-headed ogre
 19472 | D:12     | Killed a two-headed ogre
 19623 | D:12     | Noticed a seven-headed hydra
 19634 | D:12     | Killed a seven-headed hydra
 20227 | D:12     | Noticed a boulder beetle
 20707 | D:13     | Noticed Sonja
 20712 | D:13     | Killed Sonja
 20731 | D:13     | Found a runed translucent door.
 20737 | D:13     | Noticed a two-headed ogre
 20742 | D:13     | Killed a two-headed ogre
 20757 | D:13     | Found a runed translucent door.
 20758 | D:13     | Noticed a merfolk impaler
 20758 | D:13     | Noticed a merfolk avatar
 20759 | D:13     | Found a runed translucent door.
 20814 | D:13     | Reached **** piety under Hepliaklqana
 20973 | D:13     | Found a runed translucent door.
 20975 | D:13     | Noticed Ebel's ghost (journeyman MiBe)
 20982 | D:13     | Noticed a boulder beetle
 20998 | D:13     | Killed a boulder beetle
 20999 | D:13     | Reached skill level 11 in Fire Magic
 21280 | D:12     | Killed a boulder beetle
 21488 | Lair:1   | Entered Level 1 of the Lair of Beasts
 22448 | Lair:1   | Noticed a boulder beetle
 23894 | Lair:2   | Reached ***** piety under Hepliaklqana
 24213 | Lair:2   | Noticed a six-headed hydra
 24214 | Lair:2   | Noticed a death yak
 24215 | Lair:2   | Noticed a death yak
 24230 | Lair:2   | Found a glowing golden altar of the Shining One.
 24256 | Lair:2   | Noticed a death yak
 24596 | Lair:2   | Reached XP level 13. HP: 93/93 MP: 5/25
 24856 | Lair:2   | Found a runed translucent gate.
 24856 | Lair:2   | Found a runed translucent gate.
 24856 | Lair:2   | Found a runed translucent gate.
 24856 | Lair:2   | Noticed Ebel's ghost (journeyman MiBe)
 24857 | Lair:2   | Found a viscous altar of Jiyva.
 24903 | Lair:2   | Killed Ebel's ghost
 25445 | Lair:3   | Found a staircase to the Snake Pit.
 25463 | Lair:3   | Reached skill level 5 in Translocations
 25795 | Lair:3   | Reached skill level 12 in Fire Magic
 26235 | Lair:3   | Found a staircase to the Shoals.
 26578 | Lair:1   | Reached skill level 1 in Invocations
 27031 | D:11     | Reached skill level 1 in Evocations
 27053 | D:11     | Killed DandyGuy's ghost
 28178 | Lair:4   | Identified the +1 pair of gloves of the Hairy God {rF+
                  | Will+ Stlth-}
 28416 | Lair:4   | HP: 3/96 [death yak (13)]
 29288 | Lair:4   | Reached skill level 13 in Fire Magic
 29450 | Lair:4   | Found a viscous altar of Jiyva.
 29451 | Lair:4   | Found a staircase to the Slime Pits.
 30067 | Lair:4   | Reached XP level 14. HP: 96/103 MP: 25/27
 30409 | Lair:5   | Entered Level 5 of the Lair of Beasts
 33347 | Lair:5   | Reached skill level 14 in Fire Magic
 34611 | Lair:5   | Reached skill level 5 in Invocations
 35806 | Lair:5   | Reached XP level 15. HP: 108/111 MP: 17/28
 35937 | Lair:5   | Reached skill level 5 in Evocations
 36443 | D:7      | Bought the +3 pair of mountain boots {steadfast, rC+} for
                  | 904 gold pieces
 36443 | D:7      | Found the +3 pair of mountain boots {steadfast, rC+}
 36588 | Orc:1    | Entered Level 1 of the Orcish Mines
 36601 | Orc:1    | Reached skill level 1 in Maces & Flails
 36601 | Orc:1    | Reached skill level 10 in Spellcasting
 37218 | Orc:1    | Found Koga's Assorted Antiques.
 37226 | Orc:1    | Bought a scroll labelled FUULIRPH RUYGA for 30 gold pieces
 37226 | Orc:1    | Bought a scroll of blinking for 225 gold pieces
 37295 | Orc:2    | Entered Level 2 of the Orcish Mines
 38319 | Orc:2    | Found Binyss's Weapon Shoppe.
 38537 | Orc:2    | Found a staircase to the Elven Halls.
 38766 | Orc:2    | Found Wulil's Distillery.
 38898 | Orc:2    | Noticed an orc warlord
 38908 | Orc:2    | Killed an orc warlord
 38915 | Orc:2    | Reached skill level 10 in Dodging
 39219 | Orc:2    | Found Furhatic's Antique Weapon Emporium.
 39222 | Orc:2    | Found Wejetsutu's Antique Armour Shoppe.
 39454 | Snake:1  | Entered Level 1 of the Snake Pit
 39603 | Lair:3   | Reached skill level 15 in Fire Magic
 41065 | Snake:1  | Noticed Agnes
 41072 | Snake:1  | Killed Agnes
 41155 | Snake:1  | Found Udoxun's Gadget Gallery.
 41204 | Snake:1  | Found Seiwkak's Antique Armour Boutique.
 41206 | Snake:1  | Found Fufuv's Jewellery Boutique.
 41206 | Snake:1  | Found Ehunwue's Antique Armour Shop.
 41211 | Snake:1  | Found Koalets's General Store.
 41484 | Snake:1  | Noticed Roxanne
 41527 | Snake:1  | Noticed Josephine
 41529 | Snake:1  | Killed Josephine
 41824 | Snake:1  | Killed Roxanne
 42382 | Snake:1  | Reached skill level 10 in Fighting
 43956 | Snake:2  | Reached skill level 5 in Maces & Flails
 44947 | Snake:2  | Reached XP level 16. HP: 120/120 MP: 19/30
 45168 | Snake:2  | Acquired 656 gold pieces
 45169 | Snake:2  | Acquired 418 gold pieces
 45170 | Snake:2  | Acquired the +3 crown of Dyrovepreva {rElec Int+2 SInv}
 45170 | Snake:2  | Found the +3 crown of Dyrovepreva {rElec Int+2 SInv}
 47500 | Snake:4  | Entered Level 4 of the Snake Pit
 48083 | Snake:4  | Found a frozen archway.
 48270 | Snake:4  | Reached skill level 16 in Fire Magic
 49917 | Snake:4  | Found Wenuh's Book Shoppe.
 49917 | Snake:4  | Found Amasidea's Jewellery Shop.
 49918 | Snake:4  | Found Focet's Book Shoppe.
 49938 | Snake:4  | Learned a level 5 spell: Iskenderun's Battlesphere
 50705 | Snake:4  | Reached skill level 1 in Summonings
 52056 | Snake:4  | Reached XP level 17. HP: 129/129 MP: 10/32
 53053 | Snake:4  | Got a serpentine rune of Zot
 53256 | Shoals:1 | Entered Level 1 of the Shoals
 53897 | Shoals:1 | Noticed a kraken
 53903 | Shoals:1 | Killed a kraken
 55846 | Shoals:3 | Noticed Polyphemus
 56088 | Shoals:3 | Noticed Ilsuiw
 56517 | Shoals:3 | Reached ****** piety under Hepliaklqana
 56867 | Shoals:3 | Killed Ilsuiw
 57944 | Shoals:3 | Killed Polyphemus
 58442 | Shoals:4 | Entered Level 4 of the Shoals
 59183 | Shoals:4 | Hit by a silver javelin thrown by a merfolk javelineer

Illustrated notes

Levels and vault maps discovered:
D:1:      wander_arrival_peaceful_grave, layout_rooms, serial_shops,
          nicolae_lakefront_shop
D:2:      layout_rooms, basic_ecumenical_altar
D:3:      layout_basic, serial_shops, shop
D:4:      layout_basic, mainiacjoe_overflow_cross_hatched,
          nicolae_ashenzari_panopticon, lightli_temple_of_fire,
          nicolae_ossuary_entry_monument, uniq_crazy_yiuf_cottage
D:5:      layout_loops_ring, minmay_temple_entry_hall, grunt_ministairs_14,
          uniq_eustachio, uniq_sigmund
D:6:      layout_rooms, nicolae_dithmenos_through_a_glass_darkly,
          kennysheep_nub, uniq_grinder
D:7:      layout_basic, kennysheep_little_box, mainiacjoe_overflow_brackets,
          serial_shops, nicolae_shop_temple_entry_statues_fountains,
          lightli_bailey_entry_fortress
D:8:      layout_loops_corners, dreamdust_wishing_well
D:9:      layout_stronghold, serial_shops, shop, minmay_starry_boxes
D:10:     layout_roguey, grunt_ministairs_14
D:11:     layout_loops_cross, lair_entry_dummy, erik_orc_4,
          gammafunk_ghost_stat_death, uniq_psyche
D:12:     layout_gridville, nicolae_trove_entry_crossroad, grunt_gozag_statues
D:13:     layout_big_octagon, ebering_ghost_inner_flame, mikee_hates_you,
          uniq_sonja
Temple:   minmay_temple_bridge_d
Lair:1:   layout_layer_cave, lemuel_fruit_tree, lemuel_fruit_fields
Lair:2:   layout_chaotic_city, basic_altar, gammafunk_ghost_ooze,
          serial_bayou_shore_b
Lair:3:   layout_roguey, minmay_shoals_entry_hut,
          minmay_snake_entry_guardpost_small
Lair:4:   beast_lair_carwin_large_3, layout_gridlike, dpeg_slime_entry_enclosed,
          nicolae_lair_liquid_snakes, serial_bayou_shore_b,
          infiniplex_staircase_pool
Lair:5:   hangedman_lair_tendril_chambers, layout_loops_ring,
          guppyfry_lair_end_dragon
Shoals:1: layout_shoals
Shoals:2: layout_shoals
Shoals:3: layout_shoals, uniq_polyphemus, uniq_ilsuiw
Shoals:4: shoals_end_hangedman, layout_shoals
Snake:1:  layout_chambers, nicolae_shop_gadgets, grunt_megastairs_3,
          minmay_shoptagon, uniq_roxanne, uniq_agnes, uniq_josephine
Snake:2:  layout_concentric_octagons, nicolae_snake_gridmaze_entwining
Snake:3:  layout_cave_pods
Snake:4:  johnstein_snake_rune_scales, layout_onion_interference,
          portal_ice_cave_entry_pillars_four, nicolae_snake_gridmaze_waves,
          minmay_shop_grove
Orc:1:    layout_caves, serial_shops, nicolae_shop_crystal
Orc:2:    grunt_orc_community_town_hall, layout_caves,
          grunt_orc_community_big_house_1, grunt_orc_community_big_house_2,
          grunt_orc_community_house_1, grunt_orc_community_house_3,
          grunt_orc_community_house_2, grunt_orc_community_house_2

Skill      XL: |  1  2  3  4  5  6  7  8  9 10 11 12 13 14 15 16 17 |
---------------+----------------------------------------------------+-----
Stealth        | 2 3 4 5 |  5.0
Dodging        | 2 3 4 5 6 7 8 9 10 11 | 11.6
Conjurations   | 5 6 7 9 10 11 12 13 14 | 14.5
Hexes          | 1 2 3 5 |  5.8
Spellcasting   | 3 4 5 6 7 8 9 10 11 | 11.6
Fire Magic     | 2 4 6 8 10 11 13 14 15 16 | 16.8
Fighting       | 2 5 6 8 9 10 11 | 11.8
Translocations | 1 4 5 6 7 |  7.0
Invocations    | 3 5 6 8 9 |  9.2
Evocations     | 3 4 6 7 8 |  8.3
Maces & Flails | 5 8 9 |  9.7
Summonings     | 1 3 |  3.9

Action                   |  1- 3 |  4- 6 |  7- 9 | 10-12 | 13-15 | 16-18 || total
-------------------------+-------+-------+-------+-------+-------+-------++-------
Melee: Unarmed           |    12 |     9 |       |     1 |       |       ||    22
       Tailslap          |     3 |     2 |     1 |    16 |    47 |    21 ||    90
       Falchion          |       |       |    14 |       |       |       ||    14
       Dire flail        |       |       |       |    60 |    80 |       ||   140
       Scimitar          |       |       |       |    34 |       |       ||    34
       Quarterstaff      |       |       |       |     8 |    57 |       ||    65
       Punch             |       |       |       |     1 |     1 |     3 ||     5
       Demon whip        |       |       |       |       |    88 |   113 ||   201
 Cast: Magic Dart        |    69 |    35 |    88 |   146 |   338 |    90 ||   766
       Searing Ray       |       |    17 |    45 |    38 |    59 |     9 ||   168
       Fulminant Prism   |       |       |     1 |    63 |   103 |    35 ||   202
       Fireball          |       |       |       |    57 |   110 |   197 ||   364
       Iskenderun's Myst |       |       |       |    17 |    76 |    60 ||   153
       Iskenderun's Batt |       |       |       |       |       |    13 ||    13
Invok: Ancestor Life: Kn |       |       |       |     1 |       |       ||     1
       Transference      |       |       |       |     1 |     3 |       ||     4
       Idealise          |       |       |       |       |     3 |     1 ||     4
       Recall Ancestor   |       |       |       |       |       |     2 ||     2
 Abil: Breathe Fire      |       |       |    28 |    55 |    65 |    28 ||   176
Evoke: Wand              |       |       |       |     2 |    18 |     1 ||    21
  Use: Scroll            |       |     7 |       |    17 |    14 |     8 ||    46
       Potion            |       |     1 |       |     3 |     2 |     5 ||    11
 Stab: Sleeping          |       |       |     1 |       |       |       ||     1
       Distracted        |       |       |       |       |     3 |     1 ||     4
Armor: Skin              |    15 |     8 |    22 |    57 |   184 |   161 ||   447
Dodge: Dodged            |    40 |    16 |    48 |   158 |   386 |   309 ||   957
